 Dungeon Crawl Stone Soup version 0.29.0-4-gdea44cf6ec (webtiles) character file.

Game seed: 4718620763444354321

45056 qw the Severer (level 12, -3/93 (117) HPs)
             Began as a Minotaur Fighter on Sept 7, 2022.
             Was a High Priest of Ru.
             Slain by a red devil
             ... wielding a +1 demon trident of venom
             ... summoned by an obsidian statue
              (24 damage)
             ... on level 5 of the Lair of Beasts.
             The game lasted 00:06:59 (19016 turns).

qw the Severer (Minotaur Fighter)                  Turns: 19016, Time: 00:07:00

HP:   -3/93 (117)   AC:  6    Str: 28    XL:     12   Next: 99%
MP:   11/11         EV: 10    Int:  5    God:    Ru [*****.]
Gold: 1113          SH: 12    Dex: 12    Spells: 11/11 levels left

rFire   . . .      SeeInvis .   u - +3 war axe (freeze)
rCold   . . .      Faith    .   b - +0 kite shield
rNeg    + . .      Spirit   .   l - +5 chain mail of the Shoals {rN+ Str+4 Stlth+}
rPois   +          Reflect  .   (helmet restricted)
rElec   .          Harm     .   e - +2 cloak
rCorr   .          Rampage  .   f - +2 pair of gloves
Will    .....                   i - +1 pair of boots
Stlth   ..........              o - amulet of the acrobat
HPRegen 0.25/turn               g - ring of poison resistance
MPRegen 0.12/turn               m - +4 ring of slaying {mikee}

@: exhausted, spiked, corroded, mesmerised, heavily drained
A: horns 2, inability to use devices, hated by all, inexperienced 1, retaliatory
headbutt
a: Renounce Religion, Draw Out Power, Power Leap, Apocalypse


You were on level 5 of the Lair of Beasts.
You worshipped Ru.
Ru was extremely pleased with you.
You visited 3 branches of the dungeon, and saw 16 of its levels.

You collected 1113 gold pieces.


Innate Abilities, Weirdness & Mutations

You have a pair of horns on your head.
You cannot study or use magical devices.
You are hated by all.
You are somewhat inexperienced. (-1 XL)
You reflexively headbutt those who attack you in melee.


   Skills:
 - Level 14.1 Fighting
 - Level 17.0 Axes
 - Level 5.0 Throwing
 + Level 11.0 Armour
 - Level 7.2 Dodging
 - Level 14.0 Shields


You had 11 spell levels left.
You didn't know any spells.
Your spell library was empty.

Inventory:

Hand Weapons
 u - a +3 war axe of freezing (weapon)
 x - a +1 demon whip of venom
Armour
 b - a +0 kite shield (worn)
 e - a +2 cloak (worn)
 f - a +2 pair of gloves (worn)
 i - a +1 pair of boots (worn)
 l - the +5 chain mail of the Shoals (worn) {rN+ Str+4 Stlth+}
   (You found it on level 3 of the Lair of Beasts)

   Str:       It affects your strength (+4).
   rN:        It protects you from negative energy.
   Stlth:     It makes you more stealthy.
Jewellery
 g - a ring of poison resistance (left hand)
 m - a +4 ring of slaying (right hand) {mikee}
 o - an amulet of the acrobat (around neck)
 y - a +6 ring of dexterity
 Y - a ring of protection from fire
Scrolls
 p - a scroll of identify
Potions
 c - a potion of haste
 d - 4 potions of might
 k - a potion of mutation
 s - 5 potions of curing

Dungeon Overview and Level Annotations

Branches:
Dungeon (10/15)            Temple (1/1) D:5            Lair (5/5) D:8
 Shoals (0/4) Lair:3        Snake (0/4) Lair:2        Slime (0/5) Lair:4
    Orc (0/2) D:9

Altars:
Ashenzari
Dithmenos
Elyvilon
Gozag
Kikubaaqudgha
Makhleb
Nemelex Xobeh
Okawaru
Qazlal
Ru
Sif Muna
Trog
Uskayaw
Vehumet
Xom
Zin

Portals:
Trove: D:10 (give 7 scrolls of butterflies)

Annotations:
D:4 2 transporters
D:5 2 transporters, qw's ghost, amateur MiFi
D:7 1 runed translucent door, qw's ghost, amateur GrBe
D:10 2 transporters, qw's ghost, journeyman GrBe


Message History

The smoke demon hits you but does no damage.
The smoke demon barely misses you.
The soul eater draws from the surrounding life force!
You closely miss the soul eater.
You hit the smoke demon but do no damage.
The obsidian statue begins to attack, but is stunned by your conviction!
The red devil closely misses you. The soul eater hits you!
You partially resist.
You feel drained.
The smoke demon begins to attack, but is stunned by your conviction!
You hit the soul eater but do no damage.
You hit the smoke demon but do no damage.
The obsidian statue's eyes glow briefly.
You block the red devil's attack. You block the soul eater's attack.
The smoke demon closely misses you. You furiously retaliate!
You headbutt the smoke demon, but do no damage.
The smoke demon hits you. x2
You hit the soul eater.
The soul eater is lightly wounded.
You slash the smoke demon! You freeze the smoke demon.
The obsidian statue's eyes glow briefly.
The obsidian statue draws you further into its thrall.
You block the red devil's attack. The smoke demon closely misses you. x2
The smoke demon hits you but does no damage.
The soul eater is stunned by your conviction and fails to attack.
You slice the smoke demon!! You freeze the smoke demon.
The smoke demon is almost dead.
You barely miss the soul eater. You block the red devil's attack.
You hit the smoke demon. You freeze the smoke demon.
You kill the smoke demon!
The smoke demon disappears in a puff of smoke!
You closely miss the soul eater. The soul eater closely misses you.
You hit the soul eater but do no damage.
You headbutt the soul eater, but do no damage.
The soul eater is lightly wounded.
The shadow imp gestures at you. Pain shoots through your body!
The red devil hits you from afar with a +1 demon trident of venom!!
You die...

#8.....##77###...#
#(.....# ####.###
####8.....####....#~~
#########'#...P####.~
##) #.#.####.8#%~ ##+
#...#.....')Y #7877
#8..#....8##.
#55377####''#''####
#4.@.##....#...#
#.7...........##
##77........###
77#.#..### ######


You could see an obsidian statue (mesmerising), a soul eater (summoned), a red
devil (summoned), a white imp (summoned) and a shadow imp (summoned).

Vanquished Creatures
  Kirke (Lair:4)
  4 dire elephants (Lair:5)
  2 hydras (Lair:1)
  A two-headed ogre (D:10)
  Erica (D:8)
  A catoblepas (Lair:1)
  A spectral dire elephant (Lair:5)
  3 death yaks (D:8)
  Amaemon (Lair:1)
  A spectral anaconda (Lair:5)
  A necromancer (Lair:5)
  A manticore (Lair:3)
  3 elephants
  7 black mambas
  A torpor snail (Lair:3)
  An orange demon (Lair:1)
  A rime drake (Lair:4)
  Psyche (D:8)
  Maggie (D:8)
  10 cane toads
  A kobold demonologist (D:9)
  6 komodo dragons
  A queen bee (Lair:3)
  A polar bear (Lair:2)
  3 meliai (D:9)
  Prince Ribbit (Lair:3)
  A snapping turtle (Lair:3)
  24 blink frogs
  5 dream sheep (Lair:4)
  A spectral elephant (Lair:5)
  A vampire (D:10)
  10 wyverns
  Sigmund (D:2)
  48 yaks
  4 hogs (Lair:4)
  A human (Lair:4)
  2 steam dragons
  9 basilisks
  2 death yak simulacra (Lair:5)
  12 water moccasins
  An orc warrior (D:6)
  2 black bears
  5 ice beasts
  An elephant zombie (Lair:5)
  An ogre (D:5)
  An elephant skeleton (Lair:5)
  12 wolves
  5 centaurs
  A phantom (D:5)
  A kobold brigand (D:7)
  11 bullfrogs
  3 necrophages
  2 gnoll sergeants (D:8)
  3 scorpions (D:6)
  10 wights
  An elephant simulacrum (Lair:5)
  29 killer bees
  An electric eel (Lair:5)
  3 howler monkeys (D:8)
  A crimson imp (D:5)
  2 orc priests
  2 hounds
  2 jellies
  Jessica (D:2)
  An iguana (D:5)
  2 orc wizards (D:9)
  7 hell rats
  14 gnolls
  8 adders
  8 river rats (Lair:5)
  A shadow imp (D:6)
  2 white imps
  An ufetubus (D:6)
  A worm (D:2)
  A dart slug (D:3)
  16 orcs
  10 ball pythons
  7 bats
  3 endoplasms
  12 giant cockroaches
  4 goblins
  7 hobgoblins
  4 jackals
  7 quokkas
  2 frilled lizards
  9 kobolds
  10 rats
415 creatures vanquished.

Vanquished Creatures (others)
  37 fungi
  71 plants
  27 withered plants (Lair:5)
135 creatures vanquished.

Grand Total: 550 creatures vanquished

Notes
Turn   | Place    | Note
-------+----------+-------------------------------------------
     0 | D:1      | qw the Minotaur Fighter began the quest for the Orb.
     0 | D:1      | Reached XP level 1. HP: 19/19 MP: 0/0
     0 | D:1      | 0 ||| qw: Version: 0.1-a-108-g9e35731
     0 | D:1      | 0 ||| qw: Game counter: 6419
     0 | D:1      | 0 ||| qw: Always use a shield: true
     0 | D:1      | 0 ||| qw: God list: Ru
     0 | D:1      | 0 ||| qw: Allow faded altars: false
     0 | D:1      | 0 ||| qw: Do Orc after D:15 true
     0 | D:1      | 0 ||| qw: Do second Lair branch before Depths: true
     0 | D:1      | 0 ||| qw: Lair rune preference: random
     0 | D:1      | 0 ||| qw: Plans: Normal
     0 | D:1      | 0 ||| PLANNING D:1-11
   171 | D:1      | Reached skill level 3 in Axes
   207 | D:1      | Reached XP level 2. HP: 20/22 MP: 1/1
   430 | D:1      | Reached skill level 4 in Axes
   681 | D:1      | 681 ||| DROPPING +2 leather armour of cold resistance.
   682 | D:1      | 682 ||| UPGRADING to ring of positive energy.
   683 | D:1      | 683 ||| UPGRADING to ring of protection from fire.
   684 | D:1      | 684 ||| READING scroll labelled YFUK TUFE RON.
   687 | D:1      | 687 ||| READING scroll labelled XOPPIM YROSA WUM.
   695 | D:2      | Noticed Jessica
   706 | D:2      | Killed Jessica
   707 | D:2      | Reached XP level 3. HP: 13/31 MP: 2/2
   894 | D:2      | Noticed Sigmund
   895 | D:2      | 895 ||| Stepping ~*~*~tactically~*~*~ (hiding).
   897 | D:2      | 897 ||| Stepping ~*~*~tactically~*~*~ (hiding).
   899 | D:2      | 899 ||| Stepping ~*~*~tactically~*~*~ (hiding).
   900 | D:2      | 900 ||| Stepping ~*~*~tactically~*~*~ (hiding).
   901 | D:2      | 901 ||| Stepping ~*~*~tactically~*~*~ (hiding).
   910 | D:2      | HP: 7/31 [Sigmund/+0 scythe (9)]
   911 | D:2      | Killed Sigmund
   912 | D:2      | Reached skill level 7 in Axes
   912 | D:2      | Reached XP level 4. HP: 10/39 MP: 3/3
   912 | D:2      | Reached XP level 5. HP: 11/45 MP: 4/4
  1214 | D:2      | Reached skill level 1 in Dodging
  1239 | D:2      | 1239 ||| DROPPING +0 mace.
  1454 | D:2      | 1454 ||| Stepping ~*~*~tactically~*~*~ (stealth).
  1488 | D:2      | 1488 ||| Stepping ~*~*~tactically~*~*~ (stealth).
  1986 | D:2      | Found a faded altar of an unknown god.
  2083 | D:2      | 2083 ||| UPGRADING to +2 pair of gloves.
  2088 | D:2      | 2088 ||| UPGRADING to amulet of the acrobat.
  2093 | D:2      | 2093 ||| READING 2 scrolls labelled GASO PAEMEA.
  2094 | D:2      | 2094 ||| READING scroll labelled IFENULINUSH.
  2095 | D:2      | 2095 ||| READING 2 scrolls labelled RUYWAY MEQYUTA.
  2096 | D:2      | 2096 ||| READING scroll labelled JATOBL ZYATAUJIE.
  2179 | D:3      | 2179 ||| Stepping ~*~*~tactically~*~*~ (hiding).
  2183 | D:3      | 2183 ||| Stepping ~*~*~tactically~*~*~ (hiding).
  2186 | D:3      | Reached XP level 6. HP: 52/52 MP: 5/5
  2417 | D:3      | 2417 ||| Stepping ~*~*~tactically~*~*~ (stealth).
  2422 | D:3      | 2422 ||| Stepping ~*~*~tactically~*~*~ (hiding).
  2967 | D:3      | 2967 ||| READING scroll labelled DAR DAFYOMA.
  2968 | D:3      | 2968 ||| READING scroll labelled HINEVVONTAE.
  2969 | D:3      | 2969 ||| READING scroll labelled ENYD TERPHEO.
  2970 | D:3      | 2970 ||| READING 3 scrolls of identify.
  2970 | D:3      | 2970 ||| IDENTIFYING clear potion
  2971 | D:3      | 2971 ||| READING 2 scrolls of identify.
  2971 | D:3      | 2971 ||| IDENTIFYING fizzy white potion
  2972 | D:3      | 2972 ||| DROPPING potion of berserk rage.
  2973 | D:3      | 2973 ||| DROPPING potion of magic.
  3046 | D:4      | 3046 ||| Stepping ~*~*~tactically~*~*~ (stealth).
  3082 | D:4      | 3082 ||| Stepping ~*~*~tactically~*~*~ (stealth).
  3110 | D:4      | 3110 ||| READING scroll of enchant weapon.
  3110 | D:4      | 3110 ||| ENCHANTING +1 war axe of chaos.
  3149 | D:4      | Found a sparkling altar of Nemelex Xobeh.
  3173 | D:4      | 3173 ||| Stepping ~*~*~tactically~*~*~ (stealth).
  3229 | D:4      | 3229 ||| Stepping ~*~*~tactically~*~*~ (stealth).
  3230 | D:4      | 3230 ||| Stepping ~*~*~tactically~*~*~ (stealth).
  3238 | D:4      | Reached skill level 8 in Axes
  3365 | D:4      | 3365 ||| Stepping ~*~*~tactically~*~*~ (stealth).
  3368 | D:4      | 3368 ||| Stepping ~*~*~tactically~*~*~ (stealth).
  3370 | D:4      | 3370 ||| Stepping ~*~*~tactically~*~*~ (stealth).
  3385 | D:4      | Found a transporter.
  3388 | D:4      | Noticed an ice beast
  3388 | D:4      | Noticed an ice beast
  3398 | D:4      | Noticed an ice beast
  3537 | D:4      | Found a transporter.
  3602 | D:4      | 3602 ||| READING scroll labelled GEREDD WOKOYHI.
  3603 | D:4      | 3603 ||| DRINKING 2 inky potions.
  3604 | D:4      | 3604 ||| READING 2 scrolls of identify.
  3604 | D:4      | 3604 ||| IDENTIFYING glowing white potion
  3605 | D:4      | 3605 ||| DROPPING potion of ambrosia.
  3615 | D:5      | Entered Level 5 of the Dungeon
  3668 | D:5      | 3668 ||| Stepping ~*~*~tactically~*~*~ (hiding).
  3879 | D:5      | Noticed qw's ghost (amateur MiFi)
  3880 | D:5      | Found a transporter.
  3891 | D:5      | Reached XP level 7. HP: 59/59 MP: 6/6
  3893 | D:5      | Found a transporter.
  3958 | D:5      | Reached skill level 9 in Axes
  4096 | D:5      | 4096 ||| READING scroll of brand weapon.
  4096 | D:5      | 4096 ||| BRANDING +2 war axe of chaos.
  4471 | D:5      | Found a staircase to the Ecumenical Temple.
  4472 | D:5      | 4472 ||| PLANNING TEMPLE
  4476 | D:5      | 4476 ||| UPGRADING to +0 cloak.
  4481 | D:5      | 4481 ||| READING scroll of enchant armour.
  4481 | D:5      | 4481 ||| ENCHANTING +0 cloak.
  4482 | D:5      | 4482 ||| UPGRADING to +6 ring of dexterity.
  4484 | D:5      | 4484 ||| READING scroll labelled NUERPH FUOS.
  4485 | D:5      | 4485 ||| DRINKING 2 smoky clear potions.
  4486 | D:5      | 4486 ||| READING 2 scrolls of identify.
  4486 | D:5      | 4486 ||| IDENTIFYING lumpy clear potion
  4487 | D:5      | 4487 ||| DROPPING potion of degeneration.
  4494 | Temple   | Entered the Ecumenical Temple
  4638 | Temple   | Became a worshipper of Ru the Awakened
  4641 | Temple   | 4641 ||| PLANNING D:1-11
  4889 | D:6      | 4889 ||| Stepping ~*~*~tactically~*~*~ (stealth).
  4920 | D:6      | 4920 ||| Stepping ~*~*~tactically~*~*~ (stealth).
  4926 | D:6      | 4926 ||| Stepping ~*~*~tactically~*~*~ (stealth).
  4950 | D:6      | Reached skill level 10 in Axes
  4950 | D:6      | Reached XP level 8. HP: 35/68 MP: 7/7
  5121 | D:6      | 5121 ||| READING scroll of enchant armour.
  5121 | D:6      | 5121 ||| ENCHANTING +1 cloak.
  5175 | D:6      | Reached skill level 1 in Throwing
  5304 | D:6      | Reached skill level 3 in Dodging
  5317 | D:6      | Reached skill level 6 in Fighting
  5577 | D:6      | 5577 ||| UPGRADING to +0 plate armour.
  5587 | D:6      | 5587 ||| DROPPING +0 scale mail.
  5610 | D:7      | 5610 ||| Stepping ~*~*~tactically~*~*~ (hiding).
  5824 | D:7      | Found a runed translucent door.
  5834 | D:7      | Noticed qw's ghost (amateur GrBe)
  5860 | D:7      | Reached skill level 11 in Axes
  5863 | D:7      | Found a shimmering blue altar of Sif Muna.
  5987 | D:7      | 5987 ||| Stepping ~*~*~tactically~*~*~ (hiding).
  5990 | D:7      | 5990 ||| Stepping ~*~*~tactically~*~*~ (hiding).
  5991 | D:7      | 5991 ||| Stepping ~*~*~tactically~*~*~ (hiding).
  5993 | D:7      | 5993 ||| Stepping ~*~*~tactically~*~*~ (hiding).
  6149 | D:7      | Reached XP level 9. HP: 75/75 MP: 8/8
  6175 | D:7      | 6175 ||| INVOKING Sacrifice Artifice.
  6175 | D:7      | Gained mutation: You cannot study or use magical devices.
                  | [Ru sacrifice]
  6175 | D:7      | Reached * piety under Ru
  6175 | D:7      | Reached ** piety under Ru
  6347 | D:7      | 6347 ||| Stepping ~*~*~tactically~*~*~ (stealth).
  6348 | D:7      | 6348 ||| Stepping ~*~*~tactically~*~*~ (stealth).
  6362 | D:7      | 6362 ||| READING scroll of enchant armour.
  6362 | D:7      | 6362 ||| ENCHANTING +0 plate armour.
  6466 | D:7      | 6466 ||| DROPPING scarf of repulsion.
  6467 | D:7      | 6467 ||| DRINKING 2 glowing purple potions.
  6502 | D:7      | 6502 ||| READING 2 scrolls of identify.
  6502 | D:7      | 6502 ||| IDENTIFYING bubbling sapphire potion
  6503 | D:7      | 6503 ||| DROPPING wand of digging (5).
  6504 | D:7      | 6504 ||| DROPPING potion of lignification.
  6529 | D:8      | Noticed Maggie
  6530 | D:8      | 6530 ||| Stepping ~*~*~tactically~*~*~ (hiding).
  6535 | D:8      | Paralysed by Maggie for 4 turns
  6541 | D:8      | Killed Maggie
  6542 | D:8      | Reached skill level 12 in Axes
  6830 | D:8      | Noticed Psyche
  6831 | D:8      | 6831 ||| Stepping ~*~*~tactically~*~*~ (stealth).
  6833 | D:8      | 6833 ||| Stepping ~*~*~tactically~*~*~ (stealth).
  6834 | D:8      | 6834 ||| Stepping ~*~*~tactically~*~*~ (stealth).
  6844 | D:8      | Killed Psyche
  6906 | D:8      | 6906 ||| Stepping ~*~*~tactically~*~*~ (hiding).
  6907 | D:8      | 6907 ||| Stepping ~*~*~tactically~*~*~ (hiding).
  6923 | D:8      | Reached skill level 13 in Axes
  7141 | D:8      | 7141 ||| Stepping ~*~*~tactically~*~*~ (stealth).
  7143 | D:8      | 7143 ||| Stepping ~*~*~tactically~*~*~ (stealth).
  7144 | D:8      | Noticed a death yak
  7145 | D:8      | 7145 ||| Stepping ~*~*~tactically~*~*~ (stealth).
  7150 | D:8      | Noticed a death yak
  7151 | D:8      | Noticed a death yak
  7152 | D:8      | 7152 ||| Stepping ~*~*~tactically~*~*~ (stealth).
  7155 | D:8      | 7155 ||| Stepping ~*~*~tactically~*~*~ (stealth).
  7157 | D:8      | 7157 ||| FLEEEEING.
  7158 | D:8      | 7158 ||| FLEEEEING.
  7159 | D:8      | 7159 ||| FLEEEEING.
  7160 | D:8      | 7160 ||| FLEEEEING.
  7161 | D:8      | 7161 ||| FLEEEEING.
  7162 | D:8      | 7162 ||| FLEEEEING.
  7173 | D:8      | Killed a death yak
  7174 | D:8      | Reached skill level 6 in Shields
  7174 | D:8      | Reached XP level 10. HP: 79/88 MP: 9/9
  7239 | D:8      | 7239 ||| Stepping ~*~*~tactically~*~*~ (stealth).
  7240 | D:8      | 7240 ||| Stepping ~*~*~tactically~*~*~ (stealth).
  7251 | D:8      | Killed a death yak
  7253 | D:8      | Reached skill level 14 in Axes
  7477 | D:8      | 7477 ||| FLEEEEING.
  7478 | D:8      | 7478 ||| FLEEEEING.
  7479 | D:8      | 7479 ||| FLEEEEING.
  7480 | D:8      | 7480 ||| FLEEEEING.
  7481 | D:8      | 7481 ||| FLEEEEING.
  7482 | D:8      | 7482 ||| FLEEEEING.
  7483 | D:8      | 7483 ||| FLEEEEING.
  7488 | D:8      | 7488 ||| FLEEEEING.
  7489 | D:8      | 7489 ||| STAIRDANCE
  7569 | D:7      | 7569 ||| UPGRADING to +0 kite shield.
  7579 | D:7      | 7579 ||| DROPPING +0 buckler.
  7601 | D:8      | 7601 ||| STAIRDANCE
  7691 | D:8      | Killed a death yak
  7856 | D:8      | Found a staircase to the Lair.
  7967 | D:8      | Noticed Erica
  7984 | D:8      | Killed Erica
  7985 | D:8      | Reached skill level 9 in Shields
  8504 | D:8      | 8504 ||| Stepping ~*~*~tactically~*~*~ (hiding).
  8717 | D:8      | 8717 ||| READING 3 scrolls labelled QITOUDE HINIBB.
  8718 | D:8      | 8718 ||| DROPPING 2 scrolls of fear.
  8762 | D:9      | Found a staircase to the Orcish Mines.
  8844 | D:9      | Reached XP level 11. HP: 94/94 MP: 10/10
  8950 | D:9      | 8950 ||| Stepping ~*~*~tactically~*~*~ (hiding).
  8951 | D:9      | 8951 ||| Stepping ~*~*~tactically~*~*~ (hiding).
  8953 | D:9      | 8953 ||| Stepping ~*~*~tactically~*~*~ (hiding).
  9129 | D:9      | 9129 ||| Stepping ~*~*~tactically~*~*~ (stealth).
  9130 | D:9      | 9130 ||| Stepping ~*~*~tactically~*~*~ (stealth).
  9144 | D:9      | 9144 ||| Stepping ~*~*~tactically~*~*~ (hiding).
  9375 | D:9      | 9375 ||| READING scroll labelled EFOAKA XOURRYO.
  9376 | D:9      | 9376 ||| READING 2 scrolls of identify.
  9376 | D:9      | 9376 ||| IDENTIFYING smoky yellow potion
  9396 | D:10     | Entered Level 10 of the Dungeon
  9448 | D:10     | Reached skill level 15 in Axes
  9473 | D:10     | 9473 ||| INVOKING Sacrifice Experience.
  9473 | D:10     | Gained mutation: You are somewhat inexperienced. (-1 XL)
                  | [Ru sacrifice]
  9473 | D:10     | Reached XP level 10. HP: 90/90 MP: 9/9
  9473 | D:10     | Reached *** piety under Ru
  9473 | D:10     | Reached **** piety under Ru
  9503 | D:10     | 9503 ||| Stepping ~*~*~tactically~*~*~ (hiding).
  9504 | D:10     | 9504 ||| Stepping ~*~*~tactically~*~*~ (hiding).
  9504 | D:10     | Noticed a two-headed ogre
  9511 | D:10     | Killed a two-headed ogre
  9512 | D:10     | Reached skill level 9 in Fighting
  9679 | D:10     | Found a transporter.
  9683 | D:10     | Noticed qw's ghost (journeyman GrBe)
  9700 | D:10     | Noticed a two-headed ogre
  9703 | D:10     | Found a transporter.
  9743 | D:10     | Found a portal to a secret trove of treasure.
  9948 | D:10     | 9948 ||| PLANNING LAIR
  9948 | D:10     | 9948 ||| UPGRADING to +0 pair of boots.
  9953 | D:10     | 9953 ||| READING 2 scrolls of identify.
  9953 | D:10     | 9953 ||| IDENTIFYING silvery potion
 10039 | Lair:1   | Entered Level 1 of the Lair of Beasts
 10136 | Lair:1   | Noticed an eight-headed hydra
 10139 | Lair:1   | 10139 ||| SWAPPING to +0 flail.
 10147 | Lair:1   | Killed an eight-headed hydra
 10148 | Lair:1   | Reached skill level 9 in Armour
 10148 | Lair:1   | 10148 ||| Stepping ~*~*~tactically~*~*~ (stealth).
 10149 | Lair:1   | 10149 ||| SWAPPING to +2 war axe of freezing.
 10481 | Lair:1   | 10481 ||| READING scroll of enchant armour.
 10481 | Lair:1   | 10481 ||| ENCHANTING +0 pair of boots.
 10535 | Lair:1   | Noticed a catoblepas
 10537 | Lair:1   | 10537 ||| Stepping ~*~*~tactically~*~*~ (cloud).
 10543 | Lair:1   | 10543 ||| Stepping ~*~*~tactically~*~*~ (cloud).
 10550 | Lair:1   | Killed a catoblepas
 10551 | Lair:1   | Reached skill level 3 in Throwing
 10718 | Lair:1   | Reached skill level 16 in Axes
 10757 | Lair:1   | Identified the +3 dagger "Sezxues" {flame, rC++ Int+4}
 10770 | Lair:1   | Noticed a six-headed hydra
 10774 | Lair:1   | 10774 ||| SWAPPING to +0 flail.
 10785 | Lair:1   | Killed a six-headed hydra
 10786 | Lair:1   | 10786 ||| SWAPPING to +2 war axe of freezing.
 11036 | Lair:1   | Noticed Amaemon
 11048 | Lair:1   | Killed Amaemon
 11049 | Lair:1   | Reached XP level 11. HP: 78/97 MP: 10/10
 11176 | Lair:1   | 11176 ||| DROPPING +0 flail.
 11273 | Lair:1   | 11273 ||| Stepping ~*~*~tactically~*~*~ (hiding).
 11432 | Lair:1   | You fall into a shaft and drop 1 floor!
 11436 | Lair:2   | Reached skill level 17 in Axes
 11472 | Lair:2   | 11472 ||| Stepping ~*~*~tactically~*~*~ (stealth).
 11492 | Lair:2   | 11492 ||| Stepping ~*~*~tactically~*~*~ (stealth).
 11496 | Lair:2   | 11496 ||| READING 2 scrolls labelled GAIFUGR HOET.
 11543 | Lair:2   | 11543 ||| FLEEEEING.
 11544 | Lair:2   | 11544 ||| FLEEEEING.
 11546 | Lair:2   | 11546 ||| FLEEEEING.
 11547 | Lair:2   | 11547 ||| STAIRDANCE
 11910 | Lair:1   | 11910 ||| DROPPING scroll of torment.
 11998 | Lair:2   | 11998 ||| Stepping ~*~*~tactically~*~*~ (stealth).
 12042 | Lair:2   | 12042 ||| Stepping ~*~*~tactically~*~*~ (stealth).
 12043 | Lair:2   | 12043 ||| INVOKING Sacrifice Love.
 12043 | Lair:2   | Gained mutation: You are hated by all. [Ru sacrifice]
 12043 | Lair:2   | Reached ***** piety under Ru
 12049 | Lair:2   | 12049 ||| Stepping ~*~*~tactically~*~*~ (stealth).
 12052 | Lair:2   | 12052 ||| INVOKING Apocalypse.
 12422 | Lair:2   | 12422 ||| Stepping ~*~*~tactically~*~*~ (stealth).
 12455 | Lair:2   | 12455 ||| Stepping ~*~*~tactically~*~*~ (stealth).
 12457 | Lair:2   | 12457 ||| Stepping ~*~*~tactically~*~*~ (stealth).
 12458 | Lair:2   | 12458 ||| Stepping ~*~*~tactically~*~*~ (stealth).
 12531 | Lair:2   | Found a staircase to the Snake Pit.
 12565 | Lair:2   | 12565 ||| INVOKING Apocalypse.
 12908 | Lair:2   | 12908 ||| READING 2 scrolls of identify.
 12908 | Lair:2   | 12908 ||| IDENTIFYING green potion
 12909 | Lair:2   | 12909 ||| DROPPING potion of attraction.
 12972 | Lair:3   | 12972 ||| Stepping ~*~*~tactically~*~*~ (stealth).
 13036 | Lair:3   | 13036 ||| Stepping ~*~*~tactically~*~*~ (stealth).
 13049 | Lair:3   | 13049 ||| DRINKING potion of cancellation.
 13085 | Lair:3   | 13085 ||| Stepping ~*~*~tactically~*~*~ (stealth).
 13116 | Lair:3   | 13116 ||| Stepping ~*~*~tactically~*~*~ (stealth).
 13125 | Lair:3   | 13125 ||| Stepping ~*~*~tactically~*~*~ (stealth).
 13126 | Lair:3   | 13126 ||| Stepping ~*~*~tactically~*~*~ (stealth).
 13135 | Lair:3   | 13135 ||| Stepping ~*~*~tactically~*~*~ (stealth).
 13147 | Lair:3   | 13147 ||| Stepping ~*~*~tactically~*~*~ (stealth).
 13148 | Lair:3   | 13148 ||| Stepping ~*~*~tactically~*~*~ (hiding).
 13157 | Lair:3   | 13157 ||| Stepping ~*~*~tactically~*~*~ (stealth).
 13178 | Lair:3   | 13178 ||| Stepping ~*~*~tactically~*~*~ (stealth).
 13179 | Lair:3   | 13179 ||| Stepping ~*~*~tactically~*~*~ (stealth).
 13180 | Lair:3   | 13180 ||| Stepping ~*~*~tactically~*~*~ (stealth).
 13319 | Lair:3   | 13319 ||| Stepping ~*~*~tactically~*~*~ (stealth).
 13463 | Lair:3   | Noticed Prince Ribbit
 13463 | Lair:3   | 13463 ||| Stepping ~*~*~tactically~*~*~ (stealth).
 13465 | Lair:3   | 13465 ||| INVOKING Apocalypse.
 13474 | Lair:3   | Reached skill level 12 in Shields
 13478 | Lair:3   | 13478 ||| Stepping ~*~*~tactically~*~*~ (stealth).
 13499 | Lair:3   | Killed Prince Ribbit
 13560 | Lair:3   | 13560 ||| FLEEEEING.
 13580 | Lair:3   | Reached skill level 6 in Dodging
 13740 | Lair:3   | Identified the +5 chain mail of the Shoals {rN+ Str+4
                  | Stlth+}
 13810 | Lair:3   | Found a staircase to the Shoals.
 13811 | Lair:3   | 13811 ||| INVOKING Apocalypse.
 14250 | Lair:3   | 14250 ||| INVOKING Reject Sacrifices.
 14266 | Lair:3   | 14266 ||| Stepping ~*~*~tactically~*~*~ (hiding).
 14278 | Lair:3   | 14278 ||| FLEEEEING.
 14307 | Lair:3   | Reached XP level 12. HP: 70/104 MP: 11/11
 14307 | Lair:3   | 14307 ||| FLEEEEING.
 14308 | Lair:3   | 14308 ||| FLEEEEING.
 14309 | Lair:3   | 14309 ||| FLEEEEING.
 14310 | Lair:3   | 14310 ||| FLEEEEING.
 14311 | Lair:3   | 14311 ||| FLEEEEING.
 14312 | Lair:3   | 14312 ||| FLEEEEING.
 14340 | Lair:3   | 14340 ||| Stepping ~*~*~tactically~*~*~ (stealth).
 14342 | Lair:3   | 14342 ||| Stepping ~*~*~tactically~*~*~ (stealth).
 14344 | Lair:3   | 14344 ||| Stepping ~*~*~tactically~*~*~ (stealth).
 14353 | Lair:3   | 14353 ||| Stepping ~*~*~tactically~*~*~ (stealth).
 14451 | Lair:3   | 14451 ||| Stepping ~*~*~tactically~*~*~ (hiding).
 14490 | Lair:3   | 14490 ||| Stepping ~*~*~tactically~*~*~ (stealth).
 14493 | Lair:3   | 14493 ||| Stepping ~*~*~tactically~*~*~ (stealth).
 14646 | Lair:3   | 14646 ||| UPGRADING to +5 chain mail of the Shoals {rN+
                  | Str+4 Stlth+}.
 14656 | Lair:3   | 14656 ||| DROPPING +1 plate armour.
 14657 | Lair:3   | 14657 ||| DROPPING +1 chain mail of fire resistance.
 14658 | Lair:3   | 14658 ||| DROPPING ring of positive energy.
 14659 | Lair:3   | 14659 ||| DROPPING ring of resist corrosion.
 14660 | Lair:3   | 14660 ||| UPGRADING to +4 ring of slaying {mikee}.
 14662 | Lair:3   | 14662 ||| DRINKING 2 pink potions.
 14663 | Lair:3   | 14663 ||| READING 2 scrolls of identify.
 14663 | Lair:3   | 14663 ||| IDENTIFYING viscous grey potion
 14664 | Lair:3   | 14664 ||| DROPPING potion of flight.
 14665 | Lair:3   | 14665 ||| DROPPING potion of brilliance.
 14805 | Lair:4   | 14805 ||| INVOKING Apocalypse.
 15157 | Lair:4   | Reached skill level 12 in Fighting
 15260 | Lair:4   | Found a staircase to the Slime Pits.
 15587 | Lair:4   | Noticed Kirke
 15588 | Lair:4   | 15588 ||| Stepping ~*~*~tactically~*~*~ (hiding).
 15592 | Lair:4   | 15592 ||| INVOKING Apocalypse.
 15604 | Lair:4   | Killed Kirke
 16216 | Lair:5   | Entered Level 5 of the Lair of Beasts
 16220 | Lair:5   | 16220 ||| STAIRDANCE
 16229 | Lair:5   | 16229 ||| STAIRDANCE
 16253 | Lair:5   | 16253 ||| STAIRDANCE
 16264 | Lair:5   | 16264 ||| STAIRDANCE
 16410 | Lair:5   | 16410 ||| STAIRDANCE
 16460 | Lair:5   | 16460 ||| STAIRDANCE
 16539 | Lair:5   | 16539 ||| Stepping ~*~*~tactically~*~*~ (stealth).
 16581 | Lair:5   | 16581 ||| Stepping ~*~*~tactically~*~*~ (stealth).
 16582 | Lair:5   | 16582 ||| Stepping ~*~*~tactically~*~*~ (stealth).
 16583 | Lair:5   | 16583 ||| Stepping ~*~*~tactically~*~*~ (stealth).
 16593 | Lair:5   | 16593 ||| Stepping ~*~*~tactically~*~*~ (stealth).
 16595 | Lair:5   | 16595 ||| Stepping ~*~*~tactically~*~*~ (stealth).
 16597 | Lair:5   | 16597 ||| Stepping ~*~*~tactically~*~*~ (stealth).
 16647 | Lair:5   | 16647 ||| Stepping ~*~*~tactically~*~*~ (stealth).
 16721 | Lair:5   | 16721 ||| Stepping ~*~*~tactically~*~*~ (stealth).
 16871 | Lair:5   | 16871 ||| INVOKING Apocalypse.
 16985 | Lair:5   | 16985 ||| Stepping ~*~*~tactically~*~*~ (stealth).
 17058 | Lair:5   | Noticed a dire elephant
 17058 | Lair:5   | Noticed a dire elephant
 17058 | Lair:5   | Noticed a dire elephant
 17064 | Lair:5   | 17064 ||| Stepping ~*~*~tactically~*~*~ (stealth).
 17070 | Lair:5   | 17070 ||| Stepping ~*~*~tactically~*~*~ (stealth).
 17078 | Lair:5   | Noticed a dire elephant
 17085 | Lair:5   | Killed a dire elephant
 17237 | Lair:5   | 17237 ||| INVOKING Apocalypse.
 17513 | Lair:5   | 17513 ||| READING scroll of enchant weapon.
 17513 | Lair:5   | 17513 ||| ENCHANTING +2 war axe of freezing.
 17741 | Lair:5   | 17741 ||| Stepping ~*~*~tactically~*~*~ (hiding).
 17752 | Lair:5   | 17752 ||| INVOKING Apocalypse.
 17753 | Lair:5   | Killed a dire elephant
 17754 | Lair:5   | 17754 ||| FLEEEEING.
 17755 | Lair:5   | 17755 ||| FLEEEEING.
 17756 | Lair:5   | 17756 ||| FLEEEEING.
 17757 | Lair:5   | 17757 ||| FLEEEEING.
 17758 | Lair:5   | 17758 ||| FLEEEEING.
 17830 | Lair:5   | 17830 ||| FLEEEEING.
 17831 | Lair:5   | 17831 ||| FLEEEEING.
 17832 | Lair:5   | 17832 ||| FLEEEEING.
 17833 | Lair:5   | 17833 ||| FLEEEEING.
 17834 | Lair:5   | 17834 ||| FLEEEEING.
 17835 | Lair:5   | 17835 ||| FLEEEEING.
 17837 | Lair:5   | 17837 ||| FLEEEEING.
 17838 | Lair:5   | 17838 ||| FLEEEEING.
 17839 | Lair:5   | 17839 ||| FLEEEEING.
 17840 | Lair:5   | 17840 ||| FLEEEEING.
 17841 | Lair:5   | 17841 ||| FLEEEEING.
 17842 | Lair:5   | 17842 ||| FLEEEEING.
 17845 | Lair:5   | 17845 ||| FLEEEEING.
 17846 | Lair:5   | 17846 ||| FLEEEEING.
 17848 | Lair:5   | 17848 ||| FLEEEEING.
 17849 | Lair:5   | 17849 ||| FLEEEEING.
 17851 | Lair:5   | 17851 ||| STAIRDANCE
 17974 | Lair:4   | 17974 ||| UPGRADING to ring of poison resistance.
 17976 | Lair:4   | 17976 ||| UPGRADING to +4 ring of slaying {mikee}.
 17985 | Lair:5   | Killed a dire elephant
 17997 | Lair:5   | 17997 ||| FLEEEEING.
 17998 | Lair:5   | 17998 ||| STAIRDANCE
 18110 | Lair:5   | 18110 ||| READING 9 scrolls of teleportation.
 18152 | Lair:5   | 18152 ||| READING 8 scrolls of teleportation.
 18192 | Lair:5   | 18192 ||| READING 7 scrolls of teleportation.
 18222 | Lair:5   | 18222 ||| READING 6 scrolls of teleportation.
 18224 | Lair:5   | 18224 ||| FLEEEEING.
 18225 | Lair:5   | 18225 ||| FLEEEEING.
 18226 | Lair:5   | 18226 ||| FLEEEEING.
 18273 | Lair:5   | 18273 ||| READING 5 scrolls of teleportation.
 18290 | Lair:5   | 18290 ||| Stepping ~*~*~tactically~*~*~ (stealth).
 18425 | Lair:5   | 18425 ||| Stepping ~*~*~tactically~*~*~ (stealth).
 18449 | Lair:5   | 18449 ||| READING 4 scrolls of teleportation.
 18496 | Lair:5   | 18496 ||| READING 3 scrolls of teleportation.
 18524 | Lair:5   | 18524 ||| READING 2 scrolls of teleportation.
 18572 | Lair:5   | 18572 ||| READING scroll of teleportation.
 18578 | Lair:5   | 18578 ||| INVOKING Apocalypse.
 18579 | Lair:5   | 18579 ||| FLEEEEING.
 18657 | Lair:5   | 18657 ||| Stepping ~*~*~tactically~*~*~ (cloud).
 18667 | Lair:5   | Killed a dire elephant
 18924 | Lair:5   | 18924 ||| Stepping ~*~*~tactically~*~*~ (hiding).
 18968 | Lair:5   | 18968 ||| FLEEEEING.
 19002 | Lair:5   | HP: 12/101 [red devil/+0 demon trident[an obsidian statue]
                  | (14)]
 19003 | Lair:5   | 19003 ||| DRINKING potion of heal wounds.
 19004 | Lair:5   | 19004 ||| INVOKING Draw Out Power.
 19012 | Lair:5   | HP: 23/93 [smoke demon[an obsidian statue] (2)]
 19016 | Lair:5   | Slain by a red devil

Levels and vault maps discovered:
D:1:      minmay_arrival_diagonal_passages, layout_loops_cross,
          nicolae_grassy_gnolls
D:2:      layout_loops_corners, chequers_ecumenical_altar_grove,
          chequers_serial_rivers_large_a, minmay_unequal, uniq_jessica,
          uniq_sigmund
D:3:      minmay_roachtagon, layout_basic
D:4:      gammafunk_cloud_chamber, layout_cave_pools, nemelex_spade_bored_becter
D:5:      layout_loops_ring, minmay_temple_entry_statues, gammafunk_ghost_arena,
          minmay_misc_feat_four_crosses, minmay_fire_ice_demons
D:6:      layout_rooms
D:7:      layout_basic, marbit_many_paths, ebering_ghost_reflecting_pool,
          lemuel_another_geyser
D:8:      layout_cave_pods, dpeg_lair_monsters, roderic_lattice_a, uniq_erica,
          uniq_maggie, uniq_psyche
D:9:      layout_rooms, orc_0_dummy
D:10:     layout_rooms, gammafunk_ghost_arena, nicolae_trove_entry_columns
Temple:   nicolae_temple_slightly_damp_pantheon
Lair:1:   layout_small_grid, hibernation_bobbens, uniq_amaemon
Lair:2:   layout_roguey, dummy_snake_entry, beast_lair_carwin_5,
          serial_bayou_shore_b
Lair:3:   regret_index_wax_grids, layout_regular_city, minmay_shoals_entry_hut,
          st_stairs_13, uniq_prince_ribbit2
Lair:4:   layout_cave_pods, dpeg_slime_entry_enclosed, uniq_kirke
Lair:5:   due_jungle_book, layout_gridlike, nicolae_lair_lil_pond,
          nicolae_quartered_pool_little, kennysheep_abandoned_house,
          grunt_megastairs_4

Skill      XL: |  1  2  3  4  5  6  7  8  9 10 11 12 |
---------------+-------------------------------------+-----
Axes           | 3 4 7 8 10 11 13 16 17 | 17.0
Dodging        | 1 2 3 4 6 7 |  7.2
Fighting       | 4 5 6 8 9 11 14 | 14.1
Throwing       | 1 3 4 5 |  5.0
Armour         | 5 7 9 10 11 | 11.0
Shields        | 4 6 10 12 14 | 14.0

Action                   |  1- 3 |  4- 6 |  7- 9 | 10-12 || total
-------------------------+-------+-------+-------+-------++-------
Melee: War axe           |    53 |   118 |   164 |   829 ||  1164
       Headbutt          |     5 |    19 |    26 |   199 ||   249
       Flail             |       |       |       |    16 ||    16
Throw: Boomerang         |       |    14 |    46 |    95 ||   155
       Javelin           |       |       |       |    46 ||    46
Invok: Sacrifice Artific |       |       |     1 |       ||     1
       Sacrifice Experie |       |       |       |     1 ||     1
       Apocalypse        |       |       |       |    10 ||    10
       Sacrifice Love    |       |       |       |     1 ||     1
       Reject Sacrifices |       |       |       |     1 ||     1
       Draw Out Power    |       |       |       |     1 ||     1
  Use: Scroll            |     2 |    12 |     7 |    18 ||    39
       Potion            |       |     1 |     2 |     3 ||     6
 Stab: Paralysed         |       |       |       |     7 ||     7
       Invisible         |       |       |       |     3 ||     3
       Distracted        |       |       |       |     3 ||     3
Armor: Scale mail        |    23 |    31 |    27 |       ||    81
       Plate armour      |       |       |    29 |   217 ||   246
       Chain mail        |       |       |       |    87 ||    87
Dodge: Dodged            |    24 |    50 |    51 |   222 ||   347
Block: Buckler           |     7 |    27 |    26 |     8 ||    68
       Kite shield       |       |       |       |   387 ||   387

Table legend:
 A = Non-vault XP
 B = Vault XP
 C = Vault XP percentage of total XP
 D = Non-vault monster count
 E = Vault monster count
 F = Vault count percentage of total count
                 A         B        C        D         E       F
            +---------+---------+-------+---------+---------+-------
      Total |   36371 |   27996 |  43.5 |     267 |     147 |  35.5
            +---------+---------+-------+---------+---------+-------
        D:1 |      24 |      14 |  36.8 |      14 |       1 |   6.7
        D:2 |      67 |     273 |  80.3 |      19 |       8 |  29.6
        D:3 |      88 |      18 |  17.0 |      14 |       9 |  39.1
        D:4 |      62 |       0 |   0.0 |      12 |       0 |   0.0
        D:5 |     634 |      62 |   8.9 |      14 |       2 |  12.5
        D:6 |     780 |       0 |   0.0 |      14 |       0 |   0.0
        D:7 |     939 |       3 |   0.3 |      12 |       1 |   7.7
        D:8 |    2871 |    4071 |  58.6 |      36 |      14 |  28.0
        D:9 |    1692 |       0 |   0.0 |      12 |       0 |   0.0
       D:10 |    2182 |       0 |   0.0 |      11 |       0 |   0.0
     Lair:1 |    8611 |    1132 |  11.6 |      28 |       2 |   6.7
     Lair:2 |    5047 |     896 |  15.1 |      23 |       7 |  23.3
     Lair:3 |    1805 |    8016 |  81.6 |      12 |      52 |  81.2
     Lair:4 |    6396 |    3997 |  38.5 |      25 |      14 |  35.9
     Lair:5 |    5173 |    9514 |  64.8 |      21 |      37 |  63.8
            +---------+---------+-------+---------+---------+-------
